 Dungeon Sprint DCSS version 0.28.0-53-g5a82cb258f (webtiles) character file.

Game seed: 3096692276534745636

1000000 Zeld the Skirmisher (level 1, -25/19 HPs)
             Began as a Minotaur Monk on May 23, 2022.
             Was a Believer of Makhleb.
             Annihilated by a meat berserker
             ... wielding a +9 battleaxe
              (44 damage)
             ... in the Dungeon (Sprint VIII: "Arena of Blood").
             The game lasted 00:00:13 (10 turns).

Zeld the Skirmisher (Minotaur Monk)                   Turns: 10, Time: 00:00:13

Health: -25/19     AC:  2    Str: 15    XL:     1   Next: 0%
Magic:  0/0        EV: 12    Int:  7    God:    Makhleb [**....]
Gold:   0          SH:  0    Dex: 12    Spells: 0/0 levels left

rFire   . . .      SeeInvis .   h - +∞ Axe of Woe
rCold   . . .      Faith    .   (shield currently unavailable)
rNeg    . . .      Spirit   .   a - +0 robe
rPois   .          Reflect  .   (helmet restricted)
rElec   .          Harm     .   (no cloak)
rCorr   .          Rampage  .   (no gloves)
Will    .....      NoTele   +   (no boots)
Stlth   ++........              (no amulet)
HPRegen 0.06/turn               (no ring)
MPRegen 0.07/turn               (no ring)

@: no status effects
A: horns 2, retaliatory headbutt
a: Renounce Religion, Minor Destruction


You were in the Dungeon.
You worshipped Makhleb.
Makhleb was pleased with you.
You visited 1 branch

Inventory:

Hand Weapons
 h - the +∞ Axe of Woe (weapon)
   (You found it in the Dungeon)
Armour
 a - a +0 robe (worn)
Scrolls
 g - a scroll of blinking
Potions
 b - a potion of curing
 c - a potion of heal wounds
 d - a potion of haste
 e - 2 potions of magic
 f - a potion of berserk rage


   Skills:
 - Level 3.6 Fighting
 - Level 3.2 Dodging
 - Level 1.5 Stealth
 - Level 3.2 Unarmed Combat


You couldn't memorise any spells.
You didn't know any spells.
Your spell library was empty.

Dungeon Overview and Level Annotations

Branches:
Dungeon (1/1)

Altars:
Makhleb


Innate Abilities, Weirdness & Mutations

You have a pair of horns on your head.
You reflexively headbutt those who attack you in melee.


Message History

-- -- -- Before you lies the servitor of chaos, -- -- The cleaver, -- -- The blasphemer, -- -- The destroyer, -- -- The Axe of Woe. -- -- -- -- Vessel of Makhleb, -- -- You are the unmaker, -- -- You bring the rapture, -- -- The murmurs of the thralls rise... -- -- The theatre of blood begins. -- -- -- ------------------------------------------------------------------------------ ------------------------------------------------------------------------------ Welcome, Zeld the Minotaur Monk.
Press ? for a list of commands and other information.
Found the +∞ Axe of Woe.
Found four burning altars of Makhleb.
Found a staircase leading out of the dungeon.
h - the +∞ Axe of Woe
h - the +∞ Axe of Woe (weapon)
You hear a shout! x8
A bag of meat comes into view. It is wielding a +9 war axe.
You hear a shout! x3
You hear a shout! x3
There is a burning altar of Makhleb here.
You kneel at the altar of Makhleb.
Makhleb welcomes you!
You can now gain health from killing.
You can now harness Makhleb's destructive might.
You hear a shout! x4
A bag of meat comes into view. It is wielding a +9 war axe.
The bag of meat shouts!
You hear a shout! x5
A bag of meat comes into view. It is wielding a +9 war axe.
You hear a shout! x6
There is a staircase leading out of the dungeon here.
You hear a shout! x5
The meat berserker appears out of thin air!
A meat berserker comes into view. It is wielding a +9 battleaxe.
The meat berserker shouts!
You hear a shout! x8
You hear a shout! x13
You slice the bag of meat!!
You slaughter the bag of meat joyfully.
You kill the bag of meat!
Makhleb accepts your kill.
You hear a shout! x4
A meat berserker comes into view. It is wielding a +9 battleaxe.
You hear a shout! x5
A bag of meat comes into view. It is wielding a +9 war axe.
You hear a shout! x5
The meat berserker hits you with a +9 battleaxe!!!
Ouch! That really hurt!
You die...

.. .. .. .. #o
.# #.. ..#
.###.. ..###.
......###......
......._.......
....#..O..#....
. #_.@._# .
#.Oo).#
....._.....
......###......
.###.. ..###.
#.. ..# #.. ..#
.. ..


You could see 2 meat berserkers and 2 bags of meat.

Vanquished Creatures
  An orc (D)
1 creature vanquished.

Notes
Turn   | Place    | Note
-------+----------+-------------------------------------------
     0 | D        | Found the +∞ Axe of Woe
     0 | D        | Zeld the Minotaur Monk began the quest for the Orb.
     0 | D        | Reached XP level 1. HP: 19/19 MP: 0/0
     2 | D        | Noticed a bag of meat
     4 | D        | Became a worshipper of Makhleb the Destroyer
     4 | D        | Reached * piety under Makhleb
     4 | D        | Reached ** piety under Makhleb
     5 | D        | Noticed a bag of meat
     6 | D        | Noticed a bag of meat
     8 | D        | Noticed a meat berserker
    10 | D        | Killed a bag of meat
    10 | D        | Noticed a meat berserker
    10 | D        | Noticed a bag of meat
    10 | D        | Annihilated by a meat berserker

Illustrated notes

Levels and vault maps discovered:
D:        meatsprint

Action                   || total
-------------------------++-------
Melee: Executioner's axe ||     1
